 Dungeon Crawl Stone Soup version 0.29-a0-284-gf9362112df (webtiles) character file.

Game seed: 9286624929283791570

55 GigaChad the Ruffian (level 3, -1/33 HPs)
             Began as a Troll Transmuter on Mar 31, 2022.
             Slain by a goblin
             ... wielding a +0 club
             ... led by Robin
              (3 damage)
             ... on level 2 of the Dungeon.
             The game lasted 00:04:27 (741 turns).

GigaChad the Ruffian (Troll Transmuter)              Turns: 741, Time: 00:04:27

Health: -1/33      AC:  4    Str: 18    XL:     3   Next: 67%
Magic:  4/4        EV: 10    Int:  9    God:
Gold:   53         SH:  0    Dex: 12    Spells: 3/4 levels left

rFire   . . .      SeeInvis .   c - +0 mace
rCold   . . .      Faith    .   (no shield)
rNeg    . . .      Spirit   .   a - +0 robe
rPois   .          Reflect  .   (helmet restricted)
rElec   .          Harm     .   (no cloak)
rCorr   .          Rampage  .   (gloves unavailable)
Will    .....                   (boots unavailable)
Stlth   +.........              (no amulet)
HPRegen 0.91/turn               (no ring)
MPRegen 0.09/turn               (no ring)

@: no status effects
A: large, unfitting armour, claws 3, regeneration 1, shaggy fur 1, tough skin 1
a: no special abilities


You were on level 2 of the Dungeon.
You visited 1 branch of the dungeon, and saw 2 of its levels.

You collected 53 gold pieces.

Inventory:

Hand Weapons
 c - a +0 mace (weapon)
 f - a +0 short sword
Armour
 a - a +0 robe (worn)
Jewellery
 e - a ring of protection from cold
Scrolls
 d - a scroll of teleportation
Potions
 b - a potion of lignification


   Skills:
 + Level 1.1 Fighting
 + Level 1.7 Maces & Flails
 + Level 1.7 Dodging
 + Level 3.4 Unarmed Combat
 + Level 1.3 Spellcasting
 + Level 1.5 Transmutations


You had 3 spell levels left.
You knew the following spells:

 Your Spells              Type           Power      Damage    Failure   Level
a - Beastly Appendage     Tmut           6%         N/A       19%         1

Your spell library contained the following spells:

 Spells                   Type           Power      Damage    Failure   Level
 Wereblood                Tmut           3%         N/A       28%         2
 Corpse Rot               Necr/Air       0%         N/A       47%         2
 Spider Form              Tmut/Pois      2%         N/A       61%         3
 Ice Form                 Ice/Tmut       2%         N/A       95%         4
 Dispel Undead            Necr           0%         3d6       98%         4
 Death Channel            Necr           0%         N/A       100%        6


Dungeon Overview and Level Annotations

Branches:
Dungeon (2/15)

Altars:


Innate Abilities, Weirdness & Mutations

You are too large for most types of armour.
You have claws for hands.
Your natural rate of healing is unusually fast.
You are covered in fur. (AC +1)
You have tough skin. (AC +1)


Message History

The goblins go into a battle-frenzy!
The goblin barely misses you. Robin barely misses you.
The goblin barely misses you.
You hear a shout!
You barely miss Robin. The goblin hits you with a +0 dagger.
Robin hits you but does no damage.
You hit Robin.
Robin is moderately wounded.
The hobgoblin no longer looks unusually strong.
The goblin hits you but does no damage.
You hit Robin.
Robin is heavily wounded.
The goblin no longer looks unusually strong.
Robin hits you with a +0 falchion of protection.
* * * LOW HITPOINT WARNING * * *
The goblin hits you but does no damage. The goblin hits you with a +0 dagger.
* * * LOW HITPOINT WARNING * * *
You sock Robin!
Robin is almost dead.
The goblin barely misses you.
You hit Robin.
You kill Robin!
The goblin hits you with a +0 dagger.
You hit the hobgoblin.
The hobgoblin is almost dead.
The hobgoblin hits you.
* * * LOW HITPOINT WARNING * * *
The goblin hits you with a +0 dagger.
* * * LOW HITPOINT WARNING * * *
The hobgoblin hits you but does no damage.
The goblin hits you but does no damage.
You hit the hobgoblin.
You kill the hobgoblin!
The goblin hits you with a +0 dagger.
* * * LOW HITPOINT WARNING * * *
You completely miss the goblin. The goblin closely misses you.
The goblin hits you with a +0 club.
* * * LOW HITPOINT WARNING * * *
You barely miss the goblin. The goblin hits you with a +0 club.
You die...

##########
#@gg......
#g########
#.# #.# #.#
#######.#####
............#
#######.###.#
#.# ##


You could see a hobgoblin (strong) and 2 goblins.

Vanquished Creatures
  Robin (D:2)
  An adder (D:2)
  A dart slug (D:2)
  4 ball pythons
  An endoplasm (D:1)
  5 hobgoblins
  2 kobolds (D:1)
  6 quokkas
  A bat (D:1)
  5 goblins
  2 rats (D:1)
29 creatures vanquished.

Vanquished Creatures (others)
  2 demonic plants (D:2)
  2 fungi (D:2)
  2 plants (D:2)
6 creatures vanquished.

Grand Total: 35 creatures vanquished

Notes
Turn   | Place    | Note
-------+----------+-------------------------------------------
     0 | D:1      | GigaChad the Troll Transmuter began the quest for the Orb.
     0 | D:1      | Reached XP level 1. HP: 18/18 MP: 1/1
    82 | D:1      | Reached XP level 2. HP: 24/26 MP: 2/2
   426 | D:2      | Reached skill level 1 in Fighting
   426 | D:2      | Reached skill level 1 in Maces & Flails
   426 | D:2      | Reached XP level 3. HP: 10/33 MP: 4/4
   720 | D:2      | Noticed Robin
   737 | D:2      | Killed Robin
   740 | D:2      | HP: 1/33 [goblin/+0 club[Robin] (3)]
   741 | D:2      | Slain by a goblin

Illustrated notes

Levels and vault maps discovered:
D:1:      minmay_arrival_hallway, layout_rooms, minivault_11
D:2:      layout_loops_ring, shapermc_ecumenical_altar_gd,
          chequers_serial_rivers_small_3, uniq_robin

Skill      XL: |  1  2 |
---------------+-------+-----
Fighting       | 1 |  1.1
Maces & Flails | 1 |  1.7
Dodging        | |  1.7
Unarmed Combat | |  3.4
Spellcasting   | |  1.3
Transmutations | |  1.5

Action                   || total
-------------------------++-------
Melee: Mace              ||   120
       Punch             ||     2
 Cast: Beastly Appendage ||     1
  Use: Scroll            ||     2
Armor: Robe              ||    73
Dodge: Dodged            ||   108

Table legend: (Time is in decaauts)
 A = Elapsed time spent in this place.
 B = Non-inter-level travel time spent in this place.
 C = Inter-level travel time spent in this place.
 D = Time resting spent in this place.
 E = Time spent auto-exploring this place.
 F = Levels seen in this place.
 G = Mean time per level.
                   A        B        C        D        E       F      G
               +--------+--------+--------+--------+--------+-----+--------+
         Total |    783 |    764 |     19 |      0 |      0 |   2 |  391.5 |
       Dungeon |    783 |    764 |     19 |      0 |      0 |   2 |  391.5 |
               +--------+--------+--------+--------+--------+-----+--------+

Top non-repeatable levels by time:
     D:2: 428 daAuts
     D:1: 355 daAuts
